 Dungeon Crawl Stone Soup version 0.21-a0-525-ga34b322b0b (webtiles) character file.

162 piz0 the Skirmisher (level 5, -2/34 HPs)
             Began as a Gargoyle Monk on Dec 7, 2017.
             Slain by a gnoll (5 damage)
             ... on level 3 of the Dungeon.
             The game lasted 00:04:07 (3066 turns).

piz0 the Skirmisher (Gargoyle Monk)                 Turns: 3066, Time: 00:04:08

Health: -2/34      AC:  6    Str: 16    XL:     5   Next: 43%
Magic:  5/5        EV: 10    Int: 10    God:
Gold:   108        SH:  7    Dex: 12    Spells: 4/4 levels left

rFire    . . .     SeeInvis .   a - +0 mace
rCold    . . .     Gourm    .   j - +0 shield
rNeg     + . .     Faith    .   b - +0 robe
rPois    ∞         Spirit   .   (no helmet)
rElec    +         Reflect  .   (no cloak)
rCorr    .         Harm     .   (no gloves)
MR       .....                  (no boots)
Stlth    ++........             (no amulet)
HPRegen  0.11/turn              (no ring)
MPRegen  0.09/turn              (no ring)

@: no status effects
A: negative energy resistance 1, electricity resistance, unbreathing,
petrification resistance, rot immunity, AC +4
a: no special abilities


You were on level 3 of the Dungeon.
You were not hungry.

You visited 1 branch of the dungeon, and saw 3 of its levels.

You collected 108 gold pieces.

Inventory:

Hand Weapons
 a - a +0 mace (weapon)
Armour
 b - a +0 robe (worn)
 j - a +0 shield (worn)
 p - a +0 scale mail
Scrolls
 d - a scroll of remove curse {unknown}
 e - a scroll of magic mapping {unknown}
 g - a scroll of enchant armour {unknown}
 h - 4 scrolls of identify {unknown}
 m - a scroll of fear {unknown}
 n - a scroll of enchant weapon {unknown}
Potions
 i - a potion of mutation {unknown}
 l - a potion of resistance {unknown}
 o - a potion of heal wounds
 r - a potion of curing
 s - a potion of magic {unknown}
Comestibles
 c - 2 bread rations
 f - a meat ration
 k - 3 fruits


   Skills:
 + Level 4.3 Fighting
 + Level 3.8 Maces & Flails
 + Level 3.2 Dodging
 + Level 3.7 Stealth


You had 4 spell levels left.
You didn't know any spells.

Dungeon Overview and Level Annotations

Branches:
Dungeon (3/15)

Altars:
Uskayaw


Innate Abilities, Weirdness & Mutations

You are resistant to torment.
Your stone body is resilient. (AC +4)
You are immune to poison.
You resist negative energy. (rN+)
You are resistant to electric shocks. (rElec)
You can survive without breathing.
You are immune to petrification.
You are immune to rotting.


Message History

The gnoll hits you with a flail.
You hit the gnoll but do no damage.
The gnoll is moderately wounded.
You block the gnoll's attack.
You closely miss the gnoll.
The gnoll is moderately wounded.
The gnoll hits you with a flail.
You sock the gnoll!
You kill the gnoll!
You barely miss the gnoll. You block the gnoll's attack. The gnoll hits you.
You barely miss the gnoll. The gnoll hits you.
* * * LOW HITPOINT WARNING * * *
You hit the gnoll.
The gnoll is moderately wounded.
The gnoll hits you but does no damage. The gnoll hits you!
* * * LOW HITPOINT WARNING * * *
You hit the gnoll but do no damage.
The gnoll is moderately wounded.
The gnoll hits you.
You die...

#####.########
#.........#
#.###.###.# #.# #.#
.# #.# #.###.##
#.###.......
#..)......#
############.....###
.......@g.......##
##....########.##
#.## #)# #g# #g# ...
... ... ..<..


You could see a gnoll.

Vanquished Creatures
  Terence (D:2)
  A worker ant zombie (D:2)
  3 gnolls (D:3)
  2 adders (D:2)
  2 adder skeletons (D:2)
  2 worms (D:2)
  A dart slug (D:1)
  2 leopard geckos (D:1)
  An orc (D:3)
  3 bat skeletons (D:2)
  A bat zombie (D:2)
  A giant cockroach (D:1)
  8 goblins
  6 hobgoblins
  5 jackals (D:1)
  A quokka (D:2)
  5 bats
  2 frilled lizards
  4 giant cockroach zombies (D:2)
  7 kobolds
  2 quokka zombies (D:2)
  4 rats
64 creatures vanquished.

Notes
Turn   | Place    | Note
-------+----------+-------------------------------------------
     0 | D:1      | piz0 the Gargoyle Monk began the quest for the Orb.
     0 | D:1      | Reached XP level 1. HP: 14/14 MP: 1/1
   237 | D:1      | Reached XP level 2. HP: 13/19 MP: 2/2
   746 | D:1      | Reached XP level 3. HP: 8/23 MP: 3/3
  1530 | D:2      | Reached XP level 4. HP: 24/29 MP: 4/4
  1577 | D:2      | Found a hide-covered altar of Uskayaw.
  1586 | D:2      | Reached skill level 4 in Fighting
  1987 | D:2      | Noticed Terence
  2020 | D:2      | Killed Terence
  2025 | D:2      | Reached XP level 5. HP: 21/33 MP: 5/5
  3066 | D:3      | Slain by a gnoll

Vault maps used:
D:1:      tarquinn_simple_flora_water_a, minmay_statues_item,
          corexii_item_surrounded_by_moat, moated_statue, minmay_heptomino_l4
D:2:      eat_drink_and_be_merry_uskayaw, serial_undead, serial_undead_d,
          serial_undead_f, serial_undead_f, serial_undead_c, serial_undead_a,
          serial_undead_e, serial_undead_d, serial_undead_c, uniq_terence
D:3:      grunt_temple_overflow_lords_of_destruction, first_bread

Skill      XL: |  1  2  3  4 |
---------------+-------------+-----
Stealth        | 3 |  3.7
Fighting       | 4 |  4.3
Dodging        | 3 |  3.2
Maces & Flails | |  3.8

Action                   |  1- 3 |  4- 6 || total
-------------------------+-------+-------++-------
Melee: Mace              |   109 |   145 ||   254
  Use: Potion            |       |     1 ||     1
 Stab: Sleeping          |     6 |     4 ||    10
  Eat: Chunk             |     2 |     5 ||     7
Armor: Robe              |    47 |    40 ||    87
Dodge: Dodged            |   114 |    74 ||   188
Block: Shield            |       |    66 ||    66

Table legend:
 A = Spawn XP
 B = Non-spawn XP
 C = Spawn XP percentage of total XP
 D = Spawn monster count
 E = Non-spawn monster count
 F = Spawn count percentage of total count
 G = Total turns spent on level
                    A         B        C        D         E        F      G
               +---------+---------+-------+---------+---------+-------+---------
         Total |       0 |     232 |   0.0 |       0 |      64 |   0.0 |  3066
               +---------+---------+-------+---------+---------+-------+---------
           D:1 |       0 |      50 |   0.0 |       0 |      26 |   0.0 |  1253
           D:2 |       0 |     125 |   0.0 |       0 |      27 |   0.0 |  1231
           D:3 |       0 |      57 |   0.0 |       0 |      11 |   0.0 |   582
               +---------+---------+-------+---------+---------+-------+---------
